AoeStats
← Muhammad

Arena

510735745Analyzed
4v4 RM · 2d ago on Oct 2, 2026· 42m 27s· 8 players
Game mode
Random Map
Map size
Large (8 player)
Population
200
Speed
Normal
Resources
Standard
Victory
Conquest
Starting age
Dark Age
Ending age
Imperial Age
RankedLock teamsTeams togetherTeam positionsShared explorationLock speedFull tech treeHidden civsTurbo modeCheats
Victory
Defeat
🇨🇿 Celts · Czechia
1305
+12
🇩🇪 Hindustanis · Germany
1281
+13
🇳🇱 Danes · Netherlands
1122
+19
🇨🇳 Cumans · China
1108
+19
🇹🇼 Poles · Taiwan
1286
-19
🇮🇳 Khmer · India
1203
-16
🇨🇳 Franks · China
1175
-15
🇨🇳 Burgundians · China
1140
-13
newats2007
10:37 Feudal Age
10:21 Loom
13:26 Castle Age
12:04 Double-Bit Axe
24:05 Pikeman
31:53 Imperial Age
32:14 Forging
32:05 Padded Archer Armor
32:45 Horse Collar
Red
8:00 Loom
9:53 Feudal Age
14:13 Castle Age
12:59 Double-Bit Axe
13:09 Horse Collar
16:51 Wheelbarrow
17:10 Heavy Plow
22:16 Stone Mining
22:39 Bow Saw
22:34 Treadmill Crane
24:14 Hand Cart
24:00 Gold Mining
24:43 Pikeman
25:23 Squires
25:09 Arson
25:46 Scale Mail Armor
25:56 Forging
27:40 Chain Mail Armor
29:38 Stone Shaft Mining
32:29 Imperial Age
31:06 Szlachta Privileges
31:45 Iron Casting
31:01 Fletching
31:11 Padded Archer Armor
32:13 Ballistics
31:35 Crossbowman
32:20 Thumb Ring
31:35 Elite Skirmisher
32:42 Arbalester
33:50 Bodkin Arrow
33:47 Light Cavalry
34:38 Bloodlines
34:28 Husbandry
35:16 Leather Archer Armor
村口最强
3:15 Double-Bit Axe
8:54 Horse Collar
12:11 Feudal Age
15:40 Castle Age
13:42 Gold Mining
14:28 Bow Saw
14:40 Heavy Plow
16:01 Light Cavalry
23:34 Loom
25:09 Forging
26:01 Wheelbarrow
26:58 Scale Mail Armor
27:14 Man-at-Arms
29:18 Iron Casting
33:10 Hand Cart
老头
6:36 Loom
11:17 Feudal Age
13:17 Double-Bit Axe
15:36 Castle Age
16:48 Bow Saw
20:22 Wheelbarrow
23:00 Hand Cart
24:06 Scale Barding Armor
25:25 Chain Barding Armor
26:33 Forging
28:52 Gold Mining
32:13 Imperial Age
30:43 Gold Shaft Mining
30:01 Stone Mining
31:40 Husbandry
32:18 Iron Casting
34:04 Plate Barding Armor
34:31 Blast Furnace
32:54 Cavalier
34:20 Paladin
37:07 Fletching
37:17 Padded Archer Armor
37:33 Elite Skirmisher
38:12 Bodkin Arrow
38:57 Leather Archer Armor
39:05 Ballistics
39:46 Chemistry
Mrcy
10:37 Feudal Age
12:04 Double-Bit Axe
15:04 Castle Age
13:27 Horse Collar
14:37 Loom
16:33 Bow Saw
22:58 Gold Mining
22:58 Stone Mining
25:05 Wheelbarrow
26:47 Scale Mail Armor
26:58 Forging
31:21 Imperial Age
30:10 Pikeman
30:38 Gambesons
30:57 Squires
31:01 Murder Holes
31:24 Chain Mail Armor
31:37 Hand Cart
32:00 Gold Shaft Mining
32:01 Stone Shaft Mining
32:01 Fletching
32:46 Iron Casting
32:46 Halberdier
33:21 Onager
35:49 Chemistry
37:31 Plate Mail Armor
38:01 Blast Furnace
36:48 Siege Onager
41:51 Northmen's Fury
Olli
9:33 Loom
11:20 Feudal Age
13:09 Double-Bit Axe
13:07 Horse Collar
16:22 Castle Age
17:36 Bow Saw
17:29 Heavy Plow
24:22 Gold Mining
24:25 Stone Mining
25:39 Gold Shaft Mining
25:41 Stone Shaft Mining
29:10 Imperial Age
27:16 Wheelbarrow
26:27 Town Watch
28:29 Padded Archer Armor
30:02 Leather Archer Armor
30:59 Chemistry
30:07 Siege Engineers
31:08 Two-Man Saw
30:18 Shatagni
30:40 Conscription
30:32 Grand Trunk Road
34:14 Ring Archer Armor
EliSnipeR
8:34 Loom
10:20 Feudal Age
14:51 Castle Age
13:31 Double-Bit Axe
14:07 Fletching
19:01 Wheelbarrow
21:16 Town Watch
22:14 Pikeman
23:19 Horse Collar
24:10 Scale Mail Armor
29:15 Imperial Age
27:59 Chain Mail Armor
28:31 Forging
28:28 Stone Mining
28:50 Bow Saw
30:16 Halberdier
31:12 Gold Mining
31:42 Capped Ram
33:29 Scale Barding Armor
33:54 Plate Mail Armor
34:01 Plate Mail Armor
37:41 Conscription
40:22 Conscription
40:26 Onager
42:14 Arson
Muhammad
8:37 Feudal Age
9:08 Double-Bit Axe
10:03 Horse Collar
15:57 Wheelbarrow
19:02 Castle Age
17:59 Scale Barding Armor
18:05 Town Watch
18:09 Loom
18:56 Forging
19:09 Gold Mining
19:42 Bloodlines
20:18 Chain Barding Armor
21:53 Heavy Plow
22:34 Capped Ram
24:20 Stone Mining
30:30 Fletching
34:42 Imperial Age
33:15 Iron Casting
32:41 Bodkin Arrow
33:23 Heated Shot
33:53 Ballistics
34:46 Cavalier
35:51 Padded Archer Armor
35:39 Elite Kipchak
38:07 Conscription
38:37 Leather Archer Armor
38:02 Paladin
40:36 Plate Barding Armor
Connection lost

Rejoining the realm…

Still unreachable

The connection could not be restored.

Session expired

The server has moved on; the page needs a fresh start.